 Dungeon Crawl Stone Soup version 0.31.0-9-g3a7656b989 (webtiles) character file.

Game seed: 6705117708413965046

418 qw the Skirmisher (level 6, -3/36 HPs)
             Began as a Deep Elf Hunter on Feb 2, 2024.
             Slain by an ogre
             ... wielding a +0 giant spiked club
              (17 damage)
             ... on level 6 of the Dungeon.
             The game lasted 00:00:09 (2765 turns).

qw the Skirmisher (Deep Elf Hunter)                 Turns: 2765, Time: 00:00:10

Health: -3/36      AC:  7    Str: 10    XL:     6   Next: 61%
Magic:  8/8        EV: 16    Int: 14    God:
Gold:   133        SH:  0    Dex: 18    Spells: 5/5 levels left

rFire   . . .        k - +1 arbalest (heavy)
rCold   . . .        (shield currently unavailable)
rNeg    . . .        a - +0 ring mail
rPois   .            (no helmet)
rElec   .            f - +0 cloak
rCorr   .            (no gloves)
SInv    .            j - +0 pair of boots
Will    .....        (no amulet)
Stlth   +            e - +5 ring of evasion
HPRegen 0.26/turn    (no ring)
MPRegen 0.11/turn

%: no passive effects
@: no status effects
A: no striking features
a: no special abilities


You were on level 6 of the Dungeon.
You visited 2 branches of the dungeon, and saw 7 of its levels.

You collected 133 gold pieces.


   Skills:
 - Level 2.7 Fighting
 + Level 9.4 Ranged Weapons
 - Level 1.4 Armour
 - Level 2.4 Dodging
 - Level 1.2 Stealth


You had 5 spell levels left.
You didn't know any spells.
Your spell library was empty.

Inventory:

Hand Weapons
 k - a +1 heavy arbalest (weapon)
Armour
 a - a +0 ring mail (worn)
 f - a +0 cloak (worn)
 j - a +0 pair of boots (worn)
Jewellery
 b - a ring of fire
 e - a +5 ring of evasion (left hand)
Scrolls
 c - a scroll of teleportation
Potions
 h - 2 potions of curing

Dungeon Overview and Level Annotations

Branches:
Dungeon (7/15)             Temple (1/1) D:7

Altars:
Cheibriados
Dithmenos
Elyvilon
Fedhas
Gozag
Hepliaklqana
Kikubaaqudgha
Qazlal
Ru
Sif Muna
Uskayaw
Vehumet
Wu Jian
Xom
Yredelemnul
Zin

Annotations:
D:6 Pikel


Message History

An orc comes into view. It is wielding a +0 club.
2759 ||| FLEEEEING.
An orc and an ogre come into view.
The orc shouts!
The ogre shouts!
2760 ||| RETREEEEATING.
A lemure comes into view.
The lemure shouts!
The lemure moves out of view.
You shoot a bolt. The bolt closely misses the iguana.
The bolt hits the orc!!
You kill the orc!
The iguana completely misses you.
Pikel zaps a wand.
You resist with some effort.
The iguana bites you but does no damage.
The orc hits you but does no damage.
A lemure comes into view.
You shoot a bolt. The bolt barely misses the iguana.
The lemure shouts!
The bolt hits the orc!!
You kill the orc!
The iguana bites you. The orc hits you but does no damage.
A hound comes into view.
The iguana bites you! The orc completely misses you.
You shoot a bolt. The bolt hits the iguana.
The iguana is moderately wounded.
The iguana misses you. The lemure closely misses you.
The orc hits you with a +0 club. The iguana barely misses you.
The orc barely misses you. The lemure hits you.
You shoot a bolt. The bolt hits the iguana!!
You kill the iguana!
A phantom comes into view.
The lemure closely misses you. The orc closely misses you.
Pikel cracks his whip.
The ogre misses you. The orc hits you but does no damage. The lemure hits you.
The lemure closely misses you. The lemure misses you.
You shoot a bolt. The bolt hits the hound!!
You kill the hound!
The ogre completely misses you. The lemure closely misses you.
The orc hits you but does no damage. The lemure closely misses you.
The ogre hits you with a +0 giant spiked club!
You die...

#....< . ###
#.....<
..#..####........
.......#.........
.................
...#......5.....#
........>5......#
.......5K#......#
...#...#@#o....(#
#...#OoO......
#....).##.....
......... ...
##.....)... ..
...........
.........W...
..........###
..........#


You could see Pikel, 2 ogres, 3 lemures, a phantom and an orc.

Vanquished Creatures
  An ogre (D:4)
  A howler monkey (D:7)
  A hound (D:6)
  4 orc priests (D:4)
  2 iguanas
  A sleepcap (D:7)
  An adder (D:4)
  2 ribbon worms
  3 dart slugs
  12 orcs
  4 ball pythons (D:1)
  9 endoplasms
  4 goblins
  7 hobgoblins
  4 jackals (D:1)
  2 kobolds (D:2)
  3 quokkas
  4 bats
  A frilled lizard (D:2)
  5 rats
71 creatures vanquished.

Notes
Turn   | Place    | Note
-------+----------+-------------------------------------------
     0 | D:1      | qw the Deep Elf Hunter began the quest for the Orb.
     0 | D:1      | Reached XP level 1. HP: 12/12 MP: 3/3
     0 | D:1      | 0 ||| qw: Version: 0.3-a-155-g5e7d8dd
     0 | D:1      | 0 ||| qw: Game counter: 1993
     0 | D:1      | 0 ||| qw: Melee chars always use a shield: true
     0 | D:1      | 0 ||| qw: God list: Okawaru
     0 | D:1      | 0 ||| qw: Allow faded altars: false
     0 | D:1      | 0 ||| qw: Do Orc after clearing Dungeon:15 true
     0 | D:1      | 0 ||| qw: Do second Lair branch before Depths: true
     0 | D:1      | 0 ||| qw: Lair rune preference: random
     0 | D:1      | 0 ||| qw: Goals: Normal
     0 | D:1      | 0 ||| PLANNING D:1-11
   450 | D:1      | Reached skill level 6 in Ranged Weapons
   450 | D:1      | Reached XP level 2. HP: 11/16 MP: 4/4
   518 | D:1      | Found a faded altar of an unknown god.
   612 | D:1      | 612 ||| UPGRADING to +0 pair of boots.
   750 | D:1      | 750 ||| SWAPPING to +0 arbalest.
   753 | D:1      | 753 ||| DROPPING +0 shortbow.
   908 | D:1      | 908 ||| READING scroll labelled ULO MULOPRING.
   908 | D:1      | 908 ||| IDENTIFYING glowing coppery potion
   909 | D:1      | 909 ||| READING scroll labelled FICEKH AXTIRUOPTO.
   914 | D:1      | 914 ||| READING scroll labelled XUDEAF LUENG.
   915 | D:1      | 915 ||| READING scroll labelled ITA PIECOLOITT.
   916 | D:1      | 916 ||| READING scroll labelled KONUFI GYMING.
   917 | D:1      | 917 ||| DROPPING scroll of butterflies.
  1047 | D:2      | Reached XP level 3. HP: 20/20 MP: 5/5
  1303 | D:2      | 1303 ||| UPGRADING to +0 ring mail.
  1313 | D:2      | 1313 ||| DROPPING +0 leather armour.
  1403 | D:3      | Reached skill level 7 in Ranged Weapons
  1447 | D:3      | Identified the +3 spear "qw's Bane" {freeze, rPois rC-
                  | rCorr Int+3}
  1590 | D:3      | Found an ornate altar of the Wu Jian Council.
  1592 | D:3      | Found a hazy altar of Hepliaklqana.
  1592 | D:3      | Found a hide-covered altar of Uskayaw.
  2047 | D:3      | 2047 ||| READING 3 scrolls of identify.
  2047 | D:3      | 2047 ||| IDENTIFYING scroll labelled CARUEM OGGYLAC
  2048 | D:3      | 2048 ||| READING scroll of brand weapon.
  2048 | D:3      | 2048 ||| BRANDING +0 arbalest.
  2049 | D:3      | 2049 ||| READING 2 scrolls of identify.
  2049 | D:3      | 2049 ||| IDENTIFYING scroll labelled JIGHOYTESI
  2050 | D:3      | 2050 ||| READING scroll of enchant weapon.
  2050 | D:3      | 2050 ||| ENCHANTING +0 heavy arbalest.
  2051 | D:3      | 2051 ||| READING scroll of identify.
  2051 | D:3      | 2051 ||| IDENTIFYING 2 scrolls labelled TAYREDDIAR
  2052 | D:3      | 2052 ||| DROPPING 2 scrolls of noise.
  2062 | D:4      | Reached XP level 4. HP: 25/25 MP: 6/6
  2104 | D:4      | Reached skill level 8 in Ranged Weapons
  2122 | D:4      | Reached XP level 5. HP: 29/29 MP: 7/7
  2172 | D:4      | Reached skill level 9 in Ranged Weapons
  2316 | D:4      | Noticed an ogre
  2317 | D:4      | Killed an ogre
  2318 | D:4      | Reached XP level 6. HP: 36/36 MP: 8/8
  2408 | D:4      | Found a blossoming altar of Fedhas.
  2408 | D:4      | Found a glowing silver altar of Zin.
  2409 | D:4      | Found a sacrificial altar of Ru.
  2513 | D:4      | You fall into a shaft and drop 3 floors!
  2523 | D:7      | Found a staircase to the Ecumenical Temple.
  2524 | D:7      | 2524 ||| PLANNING TEMPLE
  2524 | D:7      | 2524 ||| UPGRADING to +0 cloak.
  2529 | D:7      | 2529 ||| UPGRADING to +5 ring of evasion.
  2530 | D:7      | 2530 ||| READING scroll labelled TUTUIM KIFU.
  2532 | D:7      | 2532 ||| Stepping ~*~*~tactically~*~*~ (cloud).
  2612 | Temple   | Entered the Ecumenical Temple
  2613 | Temple   | 2613 ||| PLANNING D:1-11
  2721 | D:7      | Reached skill level 1 in Armour
  2756 | D:6      | Noticed Pikel
  2757 | D:6      | 2757 ||| RETREEEEATING.
  2758 | D:6      | 2758 ||| FLEEEEING.
  2759 | D:6      | 2759 ||| FLEEEEING.
  2760 | D:6      | 2760 ||| RETREEEEATING.
  2765 | D:6      | Slain by an ogre

Levels and vault maps discovered:
D:1:      reono_arrival_mine, layout_basic,
          shapermc_ecumenical_altar_flowoftime, serial_co_window_serial,
          co_window_corner_a, co_window_paths_b, co_window_of_opportunity_a,
          co_window_corner_a, co_window_corner_a, co_window_of_opportunity_a,
          co_window_of_opportunity_a, co_window_paths_c, co_window_broadway_a,
          co_window_paths_c, co_window_cross_4, glass_columns_b,
          glass_columns_b, glass_columns_a, glass_columns_b
D:2:      layout_rooms, kennysheep_generic_room_3
D:3:      layout_basic, grunt_temple_overflow_open
D:4:      layout_rooms, gammafunk_temple_overflow_claw
D:6:      layout_cave_pools, makhleb_blood_cavern_becter, serial_shops,
          nicolae_shop_stone, nicolae_shop_self_help, uniq_pikel
D:7:      layout_loops_corners, minmay_temple_entry_antechambers,
          kennysheep_potato
Temple:   eino_wide_crystal_templ

Skill      XL: |  1  2  3  4  5  6 |
---------------+-------------------+-----
Ranged Weapons | 6 7 8 9 |  9.4
Fighting       | 2 |  2.7
Armour         | 1 |  1.4
Dodging        | |  2.4
Stealth        | |  1.2

Action                     |  1- 3 |  4- 6 || total
---------------------------+-------+-------++-------
   Fire: Shortbow          |    35 |       ||    35
         Arbalest          |    46 |    39 ||    85
    Use: Scroll            |    10 |     1 ||    11
 Armour: Leather armour    |     4 |       ||     4
         Ring mail         |     1 |    21 ||    22
  Dodge: Dodged            |    17 |    17 ||    34

Table legend:
 A = Non-vault XP
 B = Vault XP
 C = Vault XP percentage of total XP
 D = Non-vault monster count
 E = Vault monster count
 F = Vault count percentage of total count
                 A         B        C        D         E       F
            +---------+---------+-------+---------+---------+-------
      Total |     633 |       8 |   1.2 |      69 |       2 |   2.8
            +---------+---------+-------+---------+---------+-------
        D:1 |      29 |       0 |   0.0 |      15 |       0 |   0.0
        D:2 |      20 |       8 |  28.6 |      11 |       2 |  15.4
        D:3 |      25 |       0 |   0.0 |      11 |       0 |   0.0
        D:4 |     377 |       0 |   0.0 |      26 |       0 |   0.0
        D:6 |      89 |       0 |   0.0 |       4 |       0 |   0.0
        D:7 |      93 |       0 |   0.0 |       2 |       0 |   0.0
            +---------+---------+-------+---------+---------+-------
